 Dungeon Crawl Stone Soup version 0.27.0-1-g7a089689b8 (webtiles) character file.

Game seed: 16181646244799264824

7760 sasquatch the Grappler (level 11, 0/169 HPs)
             Began as a Troll Berserker on Aug 4, 2021.
             Was a High Priest of Trog.
             Slain by an eight-headed hydra (3 damage)
             ... on level 10 of the Dungeon.
             The game lasted 00:08:33 (6260 turns).

sasquatch the Grappler (Troll Berserker)            Turns: 6260, Time: 00:08:34

Health: 0/169      AC:  7    Str: 30    XL:     11   Next: 1%
Magic:  0/10       EV: 10    Int:  3    God:    Trog [*****.]
Gold:   487        SH:  0    Dex:  9    Spells: 10/10 levels left

rFire    . . .     SeeInvis .     - Unarmed
rCold    + . .     Faith    .   (no shield)
rNeg     . . .     Spirit   +   c - +0 steam dragon scales
rPois    .         Reflect  .   (helmet restricted)
rElec    .         Harm     .   y - scarf {shadows}
rCorr    .         Rampage  .   (gloves unavailable)
Will     .....                  (boots unavailable)
Stlth    ..........             e - amulet of guardian spirit
HPRegen  1.38/turn              m - ring of protection from cold
MPRegen  0.12/turn              (no ring)

@: berserking, very quick
A: large, unfitting armour, claws 3, regeneration 1, shaggy fur 1, tough skin 1
a: Renounce Religion, Berserk, Trog's Hand, Brothers in Arms


You were on level 10 of the Dungeon.
You worshipped Trog.
Trog was extremely pleased with you.
You visited 2 branches of the dungeon, and saw 11 of its levels.

You collected 487 gold pieces.

Inventory:

Missiles
 a - a throwing net
 i - 67 poisoned darts (quivered)
Armour
 c - +0 steam dragon scales (worn)
 j - a +0 cloak
 x - a +0 troll leather armour
 y - a scarf of shadows (worn)
Jewellery
 e - an amulet of guardian spirit (around neck)
 m - a ring of protection from cold (left claw)
Wands
 k - a wand of digging (13)
 n - a wand of acid (8)
 r - a wand of iceblast (10)
 s - a wand of flame (61)
 t - a wand of mindburst (16)
Scrolls
 b - 2 scrolls of identify
 d - a scroll of fear
 o - a scroll of vulnerability
 u - a scroll of magic mapping
Potions
 f - a potion of curing {unknown}
 g - 2 potions of might {unknown}
 h - 2 potions of heal wounds
 l - 2 potions of mutation
 p - a potion of resistance {unknown}
 q - a potion of ambrosia {unknown}
 v - a potion of degeneration {unknown}
 w - 2 potions of lignification {unknown}


   Skills:
 + Level 8.7 Fighting
 - Level 2.4 Dodging
 * Level 13.6 Unarmed Combat


You had 10 spell levels left.
You didn't know any spells.
Your spell library was empty.

Dungeon Overview and Level Annotations

Branches:
Dungeon (10/15)            Temple (0/1) D:5            Lair (1/6) D:10
    Orc (0/2) D:9

Altars:
Okawaru
Ru
Vehumet
Beogh


Innate Abilities, Weirdness & Mutations

You are too large for most types of armour.
You have claws for hands.
Your natural rate of healing is unusually fast.
You are covered in fur. (AC +1)
You have tough skin. (AC +1)


Message History

The seven-headed hydra barely misses you. x2
The seven-headed hydra bites you!
Aiming: Corrosive Bolt
Press: ? - help, Shift-Dir - straight line, f/p - seven-headed hydra
Aim: a seven-headed hydra (moderately wounded, covered in acid, 90% to hit)
The bolt of acid hits the seven-headed hydra!
The seven-headed hydra is splashed with acid.
The seven-headed hydra seems to be corroded for longer.
The seven-headed hydra is severely wounded.
The seven-headed hydra bites you but does no damage. x2
The seven-headed hydra bites you. The seven-headed hydra bites you!
The seven-headed hydra bites you but does no damage.
The seven-headed hydra bites you!
The seven-headed hydra closely misses you.
You claw one of the seven-headed hydra's heads off!
The six-headed hydra grows two more!
You scratch the eight-headed hydra.
The eight-headed hydra is heavily wounded.
The eight-headed hydra bites you!
* * * LOW HITPOINT WARNING * * *
The eight-headed hydra bites you but does no damage.
The eight-headed hydra barely misses you.
The eight-headed hydra bites you!
* * * LOW HITPOINT WARNING * * *
The eight-headed hydra bites you but does no damage.
The eight-headed hydra closely misses you. x2
The eight-headed hydra bites you but does no damage.
A red film seems to cover your vision as you go berserk!
You feel yourself moving faster!
You feel mighty! The eight-headed hydra bites you!
* * * LOW HITPOINT WARNING * * *
The eight-headed hydra closely misses you.
The eight-headed hydra barely misses you.
The eight-headed hydra bites you!
* * * LOW HITPOINT WARNING * * *
The eight-headed hydra bites you.
* * * LOW HITPOINT WARNING * * *
The eight-headed hydra bites you!
* * * LOW HITPOINT WARNING * * *
The eight-headed hydra bites you.
You die...

.#..#### #.# #..............
.......# #.# #.P)...........
##..##.# ##.## #.......PP....P
#..##.####...#####...P........P.
#..#.......#.....[....P...PP.P..
##....>....###..#####...P........
..#.#..###..#...# #.P..........
..#.#..###......######..........#
..#.............@D..............#
.......###.#.#..#######.......###
..###..# ##>..#.#############.#
.......# ##..............###.###
..###..########.#########..).....
.####...........# ######### .#
#.....####.### .###.###.# #.#
.....# ######.###


You could see an eight-headed hydra (corroded).

Vanquished Creatures
  2 two-headed ogres (D:9)
  Pikel (D:8)
  3 centaur zombies (D:10)
  Maggie (D:6)
  A troll (D:10)
  A hornet (D:9)
  Sigmund (D:2)
  2 shadows (D:9)
  5 yaks
  3 water moccasins
  6 orc warriors
  4 black bears
  A hornet zombie (D:8)
  An ogre (D:6)
  5 centaurs
  A kobold brigand (D:6)
  5 bullfrogs
  4 scorpions
  A wyvern skeleton (D:6)
  A water moccasin zombie (D:6)
  2 troll zombies (D:9)
  4 killer bees
  3 electric eels
  A howler monkey (D:8)
  2 hounds (D:6)
  7 orc priests
  3 iguanas
  A bullfrog skeleton (D:7)
  5 orc wizards
  6 ogre zombies (D:9)
  A howler monkey zombie (D:9)
  Robin (D:2)
  A howler monkey skeleton (D:6)
  4 gnolls (D:4)
  6 adders
  A white imp (D:6)
  An ufetubus (D:5)
  A dart slug (D:5)
  37 orcs
  A bat (D:1)
  2 giant cockroaches
  8 goblins
  4 hobgoblins
  2 jackals (D:5)
  4 quokkas
  3 ball pythons
  A frilled lizard (D:2)
  A goblin skeleton (D:9)
  2 goblin zombies (D:9)
  A hobgoblin skeleton (D:9)
  3 hobgoblin zombies (D:9)
  11 kobolds
  4 orc skeletons (D:9)
  14 orc zombies (D:9)
  2 rats (D:1)
199 creatures vanquished.

Vanquished Creatures (collateral kills)
  A quokka (D:3)
1 creature vanquished.

Vanquished Creatures (others)
  An orc (D:8)
  46 fungi (D:10)
  42 plants (D:10)
89 creatures vanquished.

Grand Total: 289 creatures vanquished

Notes
Turn   | Place    | Note
-------+----------+-------------------------------------------
     0 | D:1      | sasquatch the Troll Berserker began the quest for the Orb.
     0 | D:1      | Reached XP level 1. HP: 22/22 MP: 0/0
   389 | D:1      | Found a faded altar of an unknown god.
   435 | D:1      | Reached XP level 2. HP: 29/29 MP: 1/1
   960 | D:2      | Noticed Robin
   979 | D:1      | Reached XP level 3. HP: 4/36 MP: 2/2
  1011 | D:2      | Killed Robin
  1012 | D:2      | Reached skill level 4 in Unarmed Combat
  1075 | D:2      | Noticed Sigmund
  1088 | D:2      | Killed Sigmund
  1089 | D:2      | Reached skill level 5 in Unarmed Combat
  1089 | D:2      | Reached XP level 4. HP: 43/45 MP: 3/3
  1089 | D:2      | Reached XP level 5. HP: 51/53 MP: 4/4
  1167 | D:3      | Found an iron altar of Okawaru.
  1192 | D:3      | Found a glowing drain.
  1195 | D:3      | Reached ** piety under Trog
  1287 | D:4      | Reached XP level 6. HP: 62/62 MP: 5/5
  1555 | D:4      | Found a radiant altar of Vehumet.
  1690 | D:4      | Reached skill level 6 in Unarmed Combat
  1894 | D:5      | Entered Level 5 of the Dungeon
  1983 | D:5      | Found a staircase to the Ecumenical Temple.
  2071 | D:6      | Reached skill level 7 in Unarmed Combat
  2071 | D:6      | Reached XP level 7. HP: 33/71 MP: 6/6
  2256 | D:6      | Reached *** piety under Trog
  2331 | D:6      | Noticed Maggie
  2345 | D:6      | HP: 2/71 [Maggie (11)]
  2352 | D:6      | Killed Maggie
  2353 | D:6      | Reached skill level 5 in Fighting
  2353 | D:6      | Reached skill level 8 in Unarmed Combat
  2353 | D:6      | Reached XP level 8. HP: 11/80 MP: 7/7
  2477 | D:6      | Reached skill level 9 in Unarmed Combat
  3181 | D:8      | Noticed Pikel
  3187 | D:8      | Killed Pikel
  3188 | D:8      | Reached skill level 10 in Unarmed Combat
  3188 | D:8      | Reached XP level 9. HP: 89/89 MP: 8/8
  3886 | D:8      | Reached skill level 11 in Unarmed Combat
  4093 | D:9      | Noticed a two-headed ogre
  4094 | D:9      | Found a staircase to the Orcish Mines.
  4295 | D:9      | Noticed a two-headed ogre
  4300 | D:9      | Killed a two-headed ogre
  4369 | D:9      | Reached **** piety under Trog
  4376 | D:9      | Reached XP level 10. HP: 76/102 MP: 9/9
  4399 | D:9      | Reached skill level 12 in Unarmed Combat
  4666 | D:9      | Killed a two-headed ogre
  4995 | D:9      | Found a sacrificial altar of Ru.
  5262 | D:10     | Entered Level 10 of the Dungeon
  5375 | D:10     | Reached skill level 13 in Unarmed Combat
  5494 | D:10     | Found a staircase to the Lair.
  5524 | D:10     | Reached ***** piety under Trog
  5927 | D:10     | Reached XP level 11. HP: 113/113 MP: 4/10
  6238 | Lair:1   | Entered Level 1 of the Lair of Beasts
  6238 | Lair:1   | Noticed a seven-headed hydra
  6260 | D:10     | HP: 3/169 [eight-headed hydra (6)]
  6260 | D:10     | Slain by an eight-headed hydra

Illustrated notes

Levels and vault maps discovered:
D:1:      nagdon_arrival_zigzag_paths, layout_loops_corners,
          hellmonk_ecumenical_altar_arch_garden
D:2:      layout_rooms, basic_altar, minmay_tetromino_i4, uniq_robin,
          uniq_sigmund
D:3:      layout_basic, okawaru_ov_weapons_minmay, xom_redecorated,
          lemuel_crystal_altar, serial_shops, shop, portal_sewer_entry_f
D:4:      layout_gridville, mainiacjoe_overflow_cross_hatched
D:5:      layout_basic, minmay_temple_entry_steel_oval
D:6:      layout_basic, nrook_pool_corridor, uniq_maggie
D:7:      layout_cave_pools, lemuel_doored_altar
D:8:      layout_basic, uniq_pikel
D:9:      layout_basic, nicolae_ru_path_of_blood, zombieorc2_lemuel
D:10:     layout_loops_ring, due_lair_maze_entry_diamond, serial_aquarium,
          aquarium_bridge_square [aquarium_subvault_wall,
          aquarium_subvault_wall, aquarium_subvault_bridge,
          aquarium_subvault_bridge], aquarium_bridge_square
          [aquarium_subvault_bridge, aquarium_subvault_window,
          aquarium_subvault_bridge, aquarium_subvault_window],
          aquarium_window_fake, aquarium_window_fake, aquarium_view_2d,
          aquarium_balcony_3b, aquarium_pool_2, special_room [special_room_orc],
          kennysheep_small_circle
Lair:1:   layout_roguey, maelrawn_ghost_gauntlet_escape, grunt_megastairs_3,
          lemuel_fruit_tree

Skill      XL: |  1  2  3  4  5  6  7  8  9 10 |
---------------+-------------------------------+-----
Unarmed Combat | 5 7 8 10 11 13 | 13.6
Fighting       | 3 4 5 6 7 8 |  8.7
Dodging        | |  2.4

Action                   |  1- 3 |  4- 6 |  7- 9 | 10-12 || total
-------------------------+-------+-------+-------+-------++-------
Melee: Unarmed           |    56 |    97 |   176 |   214 ||   543
       Punch             |     3 |     2 |    10 |    11 ||    26
Invok: Berserk           |     2 |     3 |     4 |     6 ||    15
       Trog's Hand       |       |       |     1 |       ||     1
Evoke: Wand              |       |       |       |     4 ||     4
  Use: Scroll            |       |     4 |     6 |       ||    10
       Potion            |       |       |     1 |       ||     1
Armor: Animal skin       |    21 |    28 |    21 |       ||    70
       Steam dragon scal |       |       |    28 |    89 ||   117
Dodge: Dodged            |    25 |    50 |    74 |   101 ||   250
